 Dungeon Crawl Stone Soup version 0.29-a0-275-g389c0b56f3 (webtiles) character file.

Game seed: 17477588519769995720

12849 Ajdolov the Ogre Mage (level 11, -4/180 HPs)
             Began as an Ogre Earth Elementalist on Mar 12, 2022.
             Was a Priest of Vehumet.
             Slain by an orc knight
             ... wielding a +0 war axe of electrocution
              (21 damage)
             ... on level 11 of the Dungeon.
             The game lasted 00:23:22 (13668 turns).

Ajdolov the Ogre Mage (Ogre Earth Elementalist)    Turns: 13668, Time: 00:23:22

Health: -4/180     AC:  9    Str: 14    XL:     11   Next: 99%
Magic:  19/35      EV:  8    Int: 20    God:    Vehumet [***...]
Gold:   592        SH:  0    Dex:  9    Spells: 17/32 levels left

rFire   . . .      SeeInvis +   I - +3 quarterstaff (speed)
rCold   . . .      Faith    .   (shield currently unavailable)
rNeg    . . .      Spirit   .   E - +0 swamp dragon scales
rPois   +          Reflect  .   (helmet restricted)
rElec   .          Harm     .   F - +0 cloak
rCorr   .          Rampage  .   (gloves unavailable)
Will    +....                   (boots unavailable)
Stlth   ..........              d - amulet of magic regeneration
HPRegen 0.40/turn               m - ring of see invisible
MPRegen 0.64/turn               t - ring of magical power

@: berserking, very quick
A: large, unfitting armour, tough skin 1
a: Renounce Religion


You were on level 11 of the Dungeon.
You worshipped Vehumet.
Vehumet was most pleased with you.
You visited 2 branches of the dungeon, and saw 12 of its levels.

You collected 592 gold pieces.

Inventory:

Hand Weapons
 I - a +3 quarterstaff of speed (weapon)
Missiles
 a - 295 stones
 y - a throwing net
Armour
 E - +0 swamp dragon scales (worn)
 F - a +0 cloak (worn)
Jewellery
 d - an amulet of magic regeneration (around neck)
 m - a ring of see invisible (left hand)
 t - a ring of magical power (right hand)
 L - a ring of resist corrosion
Wands
 z - a wand of paralysis (16)
 B - a wand of flame (33)
 G - a wand of mindburst (4)
Scrolls
 b - a scroll of brand weapon {unknown}
 e - a scroll of fog {unknown}
 g - a scroll of fear {unknown}
 h - 4 scrolls of teleportation {unknown}
 n - 2 scrolls of immolation {unknown}
 o - a scroll of vulnerability {unknown}
 s - 2 scrolls of noise {unknown}
 v - 3 scrolls of summoning
 A - a scroll of magic mapping {unknown}
 C - 2 scrolls of silence {unknown}
 D - a scroll of enchant armour {unknown}
Potions
 c - 3 potions of magic
 f - a potion of mutation {unknown}
 i - a potion of lignification {unknown}
 j - 2 potions of cancellation
 k - a potion of curing
 p - a potion of berserk rage
 q - 5 potions of attraction
 r - 6 potions of haste
 u - 2 potions of invisibility
 w - a potion of heal wounds
 x - a potion of brilliance
 H - a potion of might
Miscellaneous
 K - a phantom mirror


   Skills:
 + Level 11.2 Fighting
 - Level 1.7 Dodging
 - Level 1.4 Stealth
 * Level 11.2 Spellcasting
 - Level 7.7 Conjurations
 - Level 2.5 Transmutations
 - Level 8.6 Earth Magic
 + Level 4.6 Poison Magic


You had 17 spell levels left.
You knew the following spells:

 Your Spells              Type           Power      Damage    Failure   Level
a - Sandblast             Erth           90%        2d19      1%          1
b - Stone Arrow           Conj/Erth      88%        3d12      1%          3
c - Poisonous Vapours     Pois/Air       40%        N/A       2%          2
d - Lee's Rapid Deconstr  Erth           22%        3d14*     2%          5
e - Olgreb's Toxic Radia  Pois           29%        N/A       5%          4

Your spell library contained the following spells:

 Spells                   Type           Power      Damage    Failure   Level
 Magic Dart               Conj           100%       1d8       1%          1
 Passwall                 Tmut/Erth      27%        N/A       1%          2
 Mephitic Cloud           Conj/Pois/Air  27%        N/A       1%          3
 Beastly Appendage        Tmut           42%        N/A       4%          1
 Wereblood                Tmut           21%        N/A       7%          2
 Spider Form              Tmut/Pois      25%        N/A       9%          3
 Slow                     Hex            44%        N/A       13%         1
 Petrify                  Tmut/Erth      33%        N/A       13%         4
 Call Imp                 Summ           11%        N/A       19%         2
 Sublimation of Blood     Necr           11%        N/A       19%         2
 Leda's Liquefaction      Hex/Erth       14%        N/A       22%         4
 Confusing Touch          Hex            11%        N/A       36%         3
 Vampiric Draining        Necr           11%        2d6       36%         3
 Statue Form              Tmut/Erth      22%        N/A       89%         6
 Summon Hydra             Summ           5%         N/A       100%        7


Dungeon Overview and Level Annotations

Branches:
Dungeon (11/15)            Temple (1/1) D:5            Lair (0/6) D:8
    Orc: D:9-12

Altars:
Ashenzari
Cheibriados
Dithmenos
Elyvilon
Fedhas
Gozag
Hepliaklqana
Kikubaaqudgha
Makhleb
Nemelex Xobeh
Okawaru
Qazlal
Ru
Sif Muna
Trog
Uskayaw
Vehumet
Wu Jian
Xom
Yredelemnul
Zin
The Shining One

Shops:
D:11 *

Annotations:
D:3 1 runed translucent door, Crazy Yiuf
D:10 2 transporters, epen's ghost, journeyman GnHu


Innate Abilities, Weirdness & Mutations

You are too large for most types of armour.
You have tough skin. (AC +1)


Message History

Casting: Stone Arrow (safe; 1% risk of failure)
Confirm with . or Enter, or press ? or * to list all spells.
Aiming: Stone Arrow (safe; 1% risk of failure)
Press: ? - help, Shift-Dir - straight line, f/p - orc knight
Aim: an orc knight, wielding a +0 war axe of electrocution, wearing a +0 plate armour, wearing a ring of protection from cold and quivering poisoned darts (heavily wounded, 76% to hit)
The stone arrow hits the orc knight but does no damage.
The orc knight is heavily wounded.
The orc knight hits you with a +0 war axe of electrocution!!
* * * LOW HITPOINT WARNING * * *
Unknown command.
Casting: Stone Arrow (safe; 1% risk of failure)
Confirm with . or Enter, or press ? or * to list all spells.
Aiming: Stone Arrow (safe; 1% risk of failure)
Press: ? - help, Shift-Dir - straight line, f/p - orc knight
Aim: an orc knight, wielding a +0 war axe of electrocution, wearing a +0 plate armour, wearing a ring of protection from cold and quivering poisoned darts (heavily wounded, 76% to hit)
The stone arrow hits the orc knight.
The orc knight is severely wounded.
The orc knight hits you with a +0 war axe of electrocution!!
* * * LOW HITPOINT WARNING * * *
You feel much better.
The orc knight hits you with a +0 war axe of electrocution!
* * * LOW HITPOINT WARNING * * *
Unknown command.
Okay, then.
A red film seems to cover your vision as you go berserk!
You feel yourself moving faster!
You feel mighty!
The orc knight hits you with a +0 war axe of electrocution!!
* * * LOW HITPOINT WARNING * * *
Unknown command.
You barely miss the orc knight.
The orc knight is severely wounded.
You hit the orc knight.
The orc knight is severely wounded.
The orc knight closely misses you.
You hit the orc knight.
The orc knight is severely wounded.
You barely miss the orc knight.
The orc knight is severely wounded.
The orc knight hits you with a +0 war axe of electrocution!!
You die...

#.#######.#....>#
#.........#...######.
###########.[........
######..#####.#
#..........#
#.#####.##.# #...#
#.##.# ##.#.###.##.#
#..@...#....#
#.o###...####
#.#..###...#
#.#..y.###...#
#.#####y.###...# #.#
#....###.. #.#
#....?.# # #.#
#....o..8# #.#
#....#....8


You could see an orc knight.

Vanquished Creatures
  Erolcha (D:9)
  2 boulder beetles
  2 two-headed ogres
  A centaur warrior (D:11)
  A deep elf pyromancer (D:11)
  A manticore (D:11)
  2 cyclopes (D:11)
  Joseph (D:8)
  Maggie (D:7)
  2 gargoyles (D:11)
  An unseen horror (D:11)
  A tengu conjurer (D:11)
  A troll (D:8)
  2 hornets
  A wyvern (D:8)
  Grum (D:8)
  5 yaks (D:10)
  2 steam dragons
  A basilisk (D:11)
  3 vampire mosquitoes (D:11)
  Menkaure (D:7)
  Duvessa (D:7)
  3 ice beasts
  An orc warrior (D:10)
  A sky beast (D:7)
  3 wolves (D:8)
  7 centaurs
  3 kobold brigands
  4 bullfrogs
  2 scorpions (D:5)
  2 earth elementals (D:11)
  Dowan (D:7)
  10 killer bees
  A howler monkey (D:5)
  4 orc priests
  2 hounds (D:5)
  2 jellies
  A gnoll shaman (D:9)
  4 iguanas
  Natasha (thrice) (D:3)
  11 orc wizards
  Robin (D:2)
  7 gnolls
  8 adders
  A shadow imp (D:6)
  2 white imps
  An ufetubus (D:5)
  2 worms
  2 dart slugs
  27 orcs
  11 endoplasms
  2 giant cockroaches
  13 goblins
  8 hobgoblins
  2 quokkas
  9 ball pythons
  3 bats (D:3)
  32 kobolds
  5 rats
235 creatures vanquished.

Vanquished Creatures (collateral kills)
  A kobold (D:5)
1 creature vanquished.

Vanquished Creatures (others)
  An orc wizard (D:3)
  A fungus (D:3)
  35 plants (D:7)
37 creatures vanquished.

Grand Total: 273 creatures vanquished

Notes
Turn   | Place    | Note
-------+----------+-------------------------------------------
     0 | D:1      | Ajdolov the Ogre Earth Elementalist began the quest for the
                  | Orb.
     0 | D:1      | Reached XP level 1. HP: 16/16 MP: 3/3
   254 | D:1      | Reached XP level 2. HP: 26/26 MP: 3/5
   353 | D:1      | Reached skill level 1 in Fighting
   374 | D:1      | Found a faded altar of an unknown god.
   900 | D:2      | Reached XP level 3. HP: 33/33 MP: 5/7
   926 | D:2      | Learned a level 3 spell: Stone Arrow
  1699 | D:2      | Noticed Robin
  1866 | D:2      | Reached XP level 4. HP: 28/42 MP: 8/8
  1873 | D:2      | Killed Robin
  1874 | D:2      | Reached skill level 1 in Conjurations
  2242 | D:2      | Found a shimmering altar of Xom.
  3140 | D:3      | Found a sacrificial altar of Ru.
  3262 | D:3      | Noticed Natasha
  3271 | D:3      | Killed Natasha
  3272 | D:3      | Reached XP level 5. HP: 29/50 MP: 5/10
  3451 | D:3      | Noticed Natasha
  3459 | D:3      | Killed Natasha
  3680 | D:3      | Noticed Natasha
  3689 | D:3      | Killed Natasha
  3690 | D:3      | Reached XP level 6. HP: 30/61 MP: 11/11
  4595 | D:3      | Found a runed translucent door.
  4596 | D:3      | Noticed Crazy Yiuf
  5399 | D:5      | Entered Level 5 of the Dungeon
  5497 | D:5      | Reached XP level 7. HP: 70/70 MP: 11/13
  5637 | D:5      | Found a staircase to the Ecumenical Temple.
  5666 | Temple   | Entered the Ecumenical Temple
  5919 | Temple   | Became a worshipper of Vehumet
  6007 | D:5      | Found a hazy altar of Hepliaklqana.
  6490 | D:5      | Reached skill level 5 in Fighting
  6490 | D:5      | Reached XP level 8. HP: 19/80 MP: 12/15
  6758 | D:6      | Reached skill level 5 in Spellcasting
  6890 | D:6      | Reached skill level 5 in Conjurations
  7004 | D:6      | Reached skill level 5 in Earth Magic
  7056 | D:6      | Found a white marble altar of Elyvilon.
  7116 | D:6      | Found an opulent altar of Gozag.
  7163 | D:6      | Reached * piety under Vehumet
  7163 | D:6      | Offered knowledge of Foxfire by Vehumet.
  7166 | D:6      | Reached skill level 1 in Transmutations
  7557 | D:7      | Noticed Maggie
  7568 | D:7      | Killed Maggie
  7718 | D:7      | Reached XP level 9. HP: 79/89 MP: 8/17
  8100 | D:7      | Found a burning altar of Makhleb.
  8105 | D:7      | Found a bloodstained altar of Trog.
  8111 | D:7      | Found an ancient bone altar of Kikubaaqudgha.
  8452 | D:7      | Reached ** piety under Vehumet
  8452 | D:7      | Offered knowledge of Shock by Vehumet.
  8803 | D:7      | Noticed Menkaure
  8805 | D:7      | Killed Menkaure
  8902 | D:7      | Noticed Dowan
  8903 | D:7      | Noticed Duvessa
  8917 | D:7      | Killed Duvessa
  8920 | D:7      | Killed Dowan
  9712 | D:8      | Noticed Grum
  9724 | D:8      | Reached XP level 10. HP: 77/102 MP: 13/20
  9726 | D:8      | Killed Grum
  9921 | D:8      | Noticed Joseph
  9943 | D:8      | Killed Joseph
 10109 | D:8      | Found a staircase to the Lair.
 10240 | D:9      | Noticed Erolcha
 10390 | D:9      | Killed Erolcha
 10471 | D:9      | Offered knowledge of Poisonous Vapours by Vehumet.
 10475 | D:9      | Learned a level 2 spell: Poisonous Vapours
 10595 | D:9      | Noticed a two-headed ogre
 10596 | D:9      | Reached skill level 1 in Poison Magic
 10640 | D:9      | Killed a two-headed ogre
 10963 | D:9      | Found a snail-covered altar of Cheibriados.
 11209 | D:10     | Entered Level 10 of the Dungeon
 11217 | D:10     | Reached *** piety under Vehumet
 11249 | D:10     | Learned a level 5 spell: Lee's Rapid Deconstruction
 11595 | D:10     | Reached XP level 11. HP: 62/115 MP: 14/23
 11824 | D:10     | Found a transporter.
 11824 | D:10     | Found a transporter.
 11824 | D:10     | Noticed a moth of wrath
 11824 | D:10     | Noticed a two-headed ogre
 11837 | D:10     | Found a bloodstained altar of Trog.
 11837 | D:10     | Noticed epen's ghost (journeyman GnHu)
 11840 | D:10     | Noticed a deep troll
 11890 | D:10     | Noticed a two-headed ogre
 11899 | D:10     | Killed a two-headed ogre
 12068 | D:10     | Noticed a boulder beetle
 12113 | D:10     | Offered knowledge of Olgreb's Toxic Radiance by Vehumet.
 12136 | D:10     | Killed a boulder beetle
 12137 | D:10     | Reached skill level 10 in Fighting
 12467 | D:10     | Learned a level 4 spell: Olgreb's Toxic Radiance
 12503 | D:10     | Noticed a two-headed ogre
 12661 | D:11     | Noticed a manticore
 12667 | D:11     | Killed a manticore
 12789 | D:11     | Found Namun's Pet Rocks.
 12789 | D:11     | Noticed a cyclops
 12842 | D:11     | Reached skill level 10 in Spellcasting
 12987 | D:11     | Killed a cyclops
 13223 | D:11     | Noticed a boulder beetle
 13237 | D:11     | Killed a boulder beetle
 13475 | D:11     | Noticed a centaur warrior
 13475 | D:11     | Noticed a deep elf pyromancer
 13487 | D:11     | Killed a centaur warrior
 13492 | D:11     | Killed a deep elf pyromancer
 13531 | D:11     | Noticed a cyclops
 13534 | D:11     | Killed a cyclops
 13642 | D:11     | Noticed a cyclops
 13642 | D:11     | Noticed an orc knight
 13668 | D:11     | Slain by an orc knight

Illustrated notes

Levels and vault maps discovered:
D:1:      roderic_chinese_lattice_arrival, layout_basic,
          hellmonk_ecumenical_altar_leap_of_faith
D:2:      layout_loops_cross, basic_altar, uniq_robin
D:3:      layout_basic, mainiacjoe_overflow_six_doors_small, uniq_natasha,
          uniq_crazy_yiuf_cottage
D:4:      layout_basic
D:5:      layout_basic, nicolae_hepliaklqana_hazy_memory,
          minmay_temple_entry_glass, chequers_decorated_corner
D:6:      layout_cave_pools, mainiacjoe_overflow_alcove_1,
          mainiacjoe_overflow_boulevard
D:7:      kennysheep_kobold_camp, layout_loops_corners,
          minmay_overflow_temple_star_quad, uniq_maggie, uniq_duvessa,
          uniq_menkaure
D:8:      layout_rooms, lair_entry_dummy, uniq_grum, uniq_joseph
D:9:      layout_basic, mainiacjoe_overflow_tiny_flanked, serial_glass,
          glass_columns_a, glass_columns_a, uniq_erolcha
D:10:     layout_roguey, gammafunk_ghost_wrathful_warriors, minmay_statues_item
D:11:     minmay_the_grid_triangle_9x9_recursive_2_mashed
          [minmay_the_grid_triangle_9x9_prize_top_heavy,
          minmay_the_grid_triangle_9x9_longest,
          minmay_the_grid_triangle_9x9_intruding_spiral,
          minmay_the_grid_triangle_9x9_shrine], layout_basic,
          guppyfry_shop_earth
Temple:   minmay_temple_curvy_branch

Skill      XL: |  1  2  3  4  5  6  7  8  9 10 11 |
---------------+----------------------------------+-----
Earth Magic    | 3 4 5 7 8 |  8.6
Fighting       | 1 2 3 4 5 6 7 9 11 | 11.2
Spellcasting   | 3 4 5 6 8 11 | 11.2
Conjurations   | 1 2 3 4 5 6 7 |  7.7
Transmutations | 2 |  2.5
Poison Magic   | 3 4 |  4.6
Dodging        | |  1.7
Stealth        | |  1.4

Action                   |  1- 3 |  4- 6 |  7- 9 | 10-12 || total
-------------------------+-------+-------+-------+-------++-------
Melee: Dagger            |   146 |    91 |       |       ||   237
       Punch             |     1 |     4 |       |       ||     5
       Spear             |       |   103 |    55 |       ||   158
       Quarterstaff      |       |       |       |    11 ||    11
 Cast: Sandblast         |    21 |    24 |    11 |       ||    56
       Stone Arrow       |       |    34 |   152 |   146 ||   332
       Poisonous Vapours |       |       |       |    31 ||    31
Evoke: Wand              |       |       |       |     3 ||     3
  Use: Scroll            |       |       |     7 |     4 ||    11
       Potion            |       |       |     1 |     2 ||     3
 Stab: Sleeping          |       |     4 |       |       ||     4
Armor: Robe              |    50 |    52 |    12 |       ||   114
       Swamp dragon scal |       |       |    45 |    33 ||    78
Dodge: Dodged            |    72 |    91 |    56 |    42 ||   261

Table legend: (Time is in decaauts)
 A = Elapsed time spent in this place.
 B = Non-inter-level travel time spent in this place.
 C = Inter-level travel time spent in this place.
 D = Time resting spent in this place.
 E = Time spent auto-exploring this place.
 F = Levels seen in this place.
 G = Mean time per level.
                   A        B        C        D        E       F      G
               +--------+--------+--------+--------+--------+-----+--------+
         Total |  13693 |  13387 |    306 |   3783 |   7663 |  12 | 1141.1 |
       Dungeon |  13414 |  13132 |    282 |   3757 |   7445 |  11 | 1219.5 |
        Temple |    278 |    254 |     24 |     26 |    218 |   1 |  278.0 |
               +--------+--------+--------+--------+--------+-----+--------+

Top non-repeatable levels by time:
     D:3: 2032 daAuts
     D:7: 1905 daAuts
    D:10: 1586 daAuts
     D:1: 1320 daAuts
     D:2: 1285 daAuts
     D:5: 1065 daAuts
     D:8: 964 daAuts
    D:11: 871 daAuts
     D:9: 805 daAuts
     D:6: 804 daAuts
     D:4: 772 daAuts
  Temple: 278 daAuts
